 Dungeon Crawl Stone Soup version 0.31.0-11-ge490571c62 (webtiles) character file.

Game seed: 13780017867707639216

566739 Flugkiller the Ruinous (level 25, -7/166 HPs)
             Began as a Tengu Air Elementalist on Feb 4, 2024.
             Was a High Priest of Ashenzari.
             Mangled by Vietawnu the pandemonium lord (33 damage)
             ... in Pandemonium.
             The game lasted 03:16:02 (47813 turns).

Flugkiller the Ruinous (Tengu Air Elementalist)    Turns: 47813, Time: 03:16:04

Health: -7/166     AC: 40    Str: 18    XL:     25   Next: 49%
Magic:  21/58      EV: 24    Int: 25    God:    Ashenzari [*****.]
Gold:   4479       SH:  6    Dex: 19    Spells: 1/66 levels left

rFire   + . .        a - +16 lance "Wyrmbane" {slay drac, rPois rF+ rC+ AC+3}
rCold   + . .        B - +0 buckler of Ashenzari's Stickiness {AC+3, Self, Dev} (curse)
rNeg    + . .        k - melded +3 leather armour "Distant Shame" {rPois, Elem, Range} (curse)
rPois   ∞            R - +2 hat "Chained With Me" {SInv, Sorc, Elem} (curse)
rElec   +            I - +2 cloak "Cryptic Loss" {Sorc, Elem} (curse)
rCorr   .            N - melded +2 pair of gloves "Gnostic Activism" {Elem, Cun} (curse)
SInv    +            (boots unavailable)
Will    +....        g - amulet of Ashenzari's Suspicion {Regen+, Elem, Melee} (curse)
Stlth   ++           j - ring "Vuria" {Fly MP+9 Str+7 Dex+6}
HPRegen 1.27/turn    W - ring of Ashenzari's Omen {Wiz, Comp, Self} (curse)
MPRegen 0.36/turn

%: acrobat, clarity, wizardry (x1)
@: statue-form, flying, very slow
A: slow and powerful, torment resistance 1, flying, boosted hp, beak, talons 3,
evasive flight, acrobatic, clumsy 1, frail 2, sense surroundings 1, wild magic
1, sturdy frame 1
}: 5/15 runes: barnacled, slimy, silver, magical, gossamer
a: Begin Untransformation, Renounce Religion, Curse Item, Shatter the Chains


You were in Pandemonium.
You worshipped Ashenzari.
Ashenzari was extremely pleased with you.
You were a living statue of rough stone.
You visited 10 branches of the dungeon, and saw 48 of its levels.
You visited Pandemonium 1 time, and saw 8 of its levels.
You visited 1 bazaar.
You visited 1 ziggurat, and saw 11 of its levels.
You also visited: Bailey, Ice Cave and Desolation.

You collected 6346 gold pieces.
You spent 1867 gold pieces at shops.

Inventory:

Hand Weapons
 a - the +16 lance "Wyrmbane" (weapon) {slay drac, rPois rF+ rC+ AC+3}
   (You found it on level 9 of the Dungeon)

   AC+3:      It affects your AC (+3).
   rF+:       It protects you from fire.
   rC+:       It protects you from cold.
   rPois:     It protects you from poison
 b - a +2 heavy eveningstar
   (You took it off Louise on level 14 of the Dungeon)
 y - the +8 mace "Sepsail" {venom, Fly rPois Will++ Str-2}
   (You found it on level 10 of a ziggurat)

   Str-2:     It affects your strength (-2).
   rPois:     It protects you from poison Will++: It greatly increases your
   willpower.
   Fly:       It grants you flight.
 O - a +3 short sword of distortion
   (You took it off Sonja on level 5 of the Lair of Beasts)
Missiles
 s - 5 throwing nets
 P - 7 curare-tipped darts
Armour
 k - the cursed +3 leather armour "Distant Shame" (melded) {rPois, Elem, Range}
   (You found it on level 2 of the Dungeon)

   It has a curse which improves the following skills: Elements: Fire Magic, Ice
   Magic, Air Magic and Earth Magic.
   Ranged Combat: Ranged Weapons and Throwing.
 B - the cursed +0 buckler of Ashenzari's Stickiness (worn) {AC+3, Self, Dev}
   (You took it off a spriggan defender on level 2 of the Depths)

   It has a curse which improves the following skills: Introspection: Fighting
   and Spellcasting.
   Devices:   Evocations and Shapeshifting.
 I - the cursed +2 cloak "Cryptic Loss" (worn) {Sorc, Elem}
   (You took it off Nikola on level 1 of the Spider Nest)

   It has a curse which improves the following skills: Sorcery: Conjurations and
   Alchemy.
   Elements:  Fire Magic, Ice Magic, Air Magic and Earth Magic.
 N - the cursed +2 pair of gloves "Gnostic Activism" (melded) {Elem, Cun}
   (You found it on level 4 of the Lair of Beasts)

   It has a curse which improves the following skills: Elements: Fire Magic, Ice
   Magic, Air Magic and Earth Magic.
   Cunning:   Dodging and Stealth.
 R - the cursed +2 hat "Chained With Me" (worn) {SInv, Sorc, Elem}
   (You bought it in a shop on level 9 of the Dungeon)

   It has a curse which improves the following skills: Sorcery: Conjurations and
   Alchemy.
   Elements:  Fire Magic, Ice Magic, Air Magic and Earth Magic.
Magical Staves
 K - the staff of Izuisat {Will+ Earth}
   (You found it on level 6 of a ziggurat)

   [staff of earth]

   Base accuracy: +5 Base damage: 5 Base attack delay: 1.2 This weapon's minimum
   attack delay (0.6) is reached at skill level 12.
   Will+:     It increases your willpower.
   Earth:     It increases the power of your Earth spells.
   It falls into the 'Staves' category.
   It is a one-handed weapon.
 S - a staff of fire
   (You found it on level 6 of the Dungeon)
Jewellery
 g - the cursed amulet of Ashenzari's Suspicion (around neck) {Regen+, Elem, Melee}
   (You found it on level 3 of the Dungeon)

   [amulet of regeneration]

   Regen+:    It increases your rate of health regeneration.
   It has a curse which improves the following skills: Elements: Fire Magic, Ice
   Magic, Air Magic and Earth Magic.
   Melee Combat: Short Blades, Long Blades, Axes, Maces & Flails, Polearms,
   Staves and Unarmed Combat.
 j - the ring "Vuria" (left fist) {Fly MP+9 Str+7 Dex+6}
   (You found it on level 5 of the Pits of Slime)

   [ring of flight]

   Str+7:     It affects your strength (+7).
   Dex+6:     It affects your dexterity (+6).
   MP+9:      It affects your magic capacity (+9).
   Fly:       It grants you flight.
 m - the ring of the Country {Will+ rCorr Stlth+}
   (You found it on level 3 of a ziggurat)

   [ring of willpower]

   Will+:     It increases your willpower.
   rCorr:     It protects you from acid and corrosion.
   Stlth+:    It makes you more stealthy.
 o - the ring of Qeriamot {rC+ SInv}
   (You found it in the Desolation of Salt)

   [ring of see invisible]

   rC+:       It protects you from cold.
   SInv:      It lets you see invisible.
 p - the ring of the Clam {Will+ Dex+2 SInv}
   (You found it on level 8 of a ziggurat)

   [ring of see invisible]

   Dex+2:     It affects your dexterity (+2).
   Will+:     It increases your willpower.
   SInv:      It lets you see invisible.
 F - the ring of Noishrake {rF+ rN+ Dex+5}
   (You found it on level 5 of a ziggurat)

   [ring of positive energy]

   Dex+5:     It affects your dexterity (+5).
   rF+:       It protects you from fire.
   rN+:       It protects you from negative energy.
 V - an amulet of magic regeneration
   (You found it on level 4 of the Spider Nest)
 W - the cursed ring of Ashenzari's Omen (right fist) {Wiz, Comp, Self}
   (You found it on level 13 of the Dungeon)

   [ring of wizardry]

   Wiz:       It improves your spell success rate.
   It has a curse which improves the following skills: Companions: Summonings
   and Necromancy.
   Introspection: Fighting and Spellcasting.
Talismans
 v - the granite talisman of Jopimnueg (active) {SInv}
   (You found it on level 8 of a ziggurat)

   [granite talisman]

   SInv:      It lets you see invisible.
Wands
 E - a wand of digging (11)
   (You found it on level 4 of the Vaults)
 H - a wand of charming (37)
   (You found it on level 8 of the Dungeon)
 Q - a wand of roots (55)
   (You found it on level 3 of the Elven Halls)
 T - a wand of acid (4)
   (You found it on level 5 of the Pits of Slime)
Scrolls
 c - 10 scrolls of fog
 e - 7 scrolls of vulnerability
 f - 14 scrolls of poison
 i - 7 scrolls of immolation
 l - 16 scrolls of revelation
 z - 2 scrolls of blinking
 M - 6 scrolls of amnesia
 U - 5 scrolls of fear
 X - 3 scrolls of butterflies
Potions
 d - 11 potions of might
 h - 6 potions of haste
 n - 7 potions of resistance
 q - 16 potions of curing
 r - 4 potions of invisibility
 u - 5 potions of brilliance
 w - 10 potions of heal wounds
 A - a potion of ambrosia
 C - 5 potions of enlightenment
 J - 6 potions of lignification
 L - 4 potions of cancellation
Miscellaneous
 Z - a phantom mirror (inert)
   (You found it on level 1 of the Spider Nest)


   Skills:
 - Level 14.2(17.3) Fighting
 - Level 8.1(10.3) Polearms
 - Level 12.0 Dodging
 - Level 2.0 Stealth
 - Level 5.0 Shields
 - Level 18.3(21.2) Spellcasting
 - Level 22.9(25.7) Conjurations
 - Level 6.8(9.0) Summonings
 - Level 7.8(10.0) Necromancy
 - Level 5.0 Translocations
 - Level 19.5(23.3) Fire Magic
 - Level 17.9(21.8) Air Magic
 + Level 9.0(13.1) Earth Magic
 - Level 5.3(7.4) Evocations
 - Level 16.0(18.0) Shapeshifting


You had one spell level left.
You knew the following spells:

 Your Spells              Type           Power      Damage    Failure   Level
a - Lehudib's Crystal Sp  Conj/Erth      51%        10d12     2%          8
b - Passage of Golubria   Tloc           61%        N/A       1%          4
c - Chain Lightning       Conj/Air       56%        3d74      6%          9
d - Borgnjor's Vile Clut  Necr/Erth      41%        N/A       1%          5
e - Sublimation of Blood  Necr           79%        N/A       1%          2
f - Maxwell's Capacitive  Air            54%        ∞         1%          8
g - Fire Storm            Conj/Fire      57%        8d14      5%          9
h - Spellforged Servitor  Conj/Summ      49%        N/A       1%          7
i - Shatter               Erth           44%        3d34*     98%         9
q - Apportation           Tloc           100%       N/A       1%          1
w - Swiftness             Air            100%       N/A       1%          3

Your spell library contained the following spells:

 Spells                   Type           Power      Damage    Failure   Level
 Foxfire                  Conj/Fire      100%       2x1d9     1%          1
 Magic Dart               Conj           100%       1d8       1%          1
 Necrotise                Necr           100%       1d9       1%          1
 Shock                    Conj/Air       100%       1d9       1%          1
 Slow                     Hex            100%       N/A       1%          1
 Sting                    Conj/Alch      100%       1d9       1%          1
 Summon Small Mammal      Summ           100%       N/A       1%          1
 Blink                    Tloc           100%       N/A       1%          2
 Call Imp                 Summ           100%       N/A       1%          2
 Cigotuvi's Dreadful Rot  Necr/Alch/Air  100%       N/A       1%          2
 Lesser Beckoning         Tloc           100%       N/A       1%          2
 Mercury Vapours          Alch/Air       100%       N/A       1%          2
 Momentum Strike          Conj/Tloc      100%       3d10      1%          2
 Scorch                   Fire           100%       2d9       1%          2
 Static Discharge         Conj/Air       100%       3-8/arc   1%          2
 Call Canine Familiar     Summ           75%        N/A       1%          3
 Fugue of the Fallen      Necr           79%        N/A       1%          3
 Hailstorm                Conj/Ice       88%        3d14      1%          3
 Inner Flame              Hex/Fire       84%        N/A       1%          3
 Mephitic Cloud           Conj/Alch/Air  95%        N/A       1%          3
 Summon Ice Beast         Ice/Summ       60%        N/A       1%          3
 Airstrike                Air            54%        2d(8-24)  1%          4
 Anguish                  Hex/Necr       30%        N/A       1%          4
 Animate Dead             Necr           79%        N/A       1%          4
 Dispel Undead            Necr           79%        3d26      1%          4
 Flame Wave               Conj/Fire      100%       2d21      1%          4
 Ignite Poison            Fire/Alch      84%        N/A       1%          4
 Iskenderun's Mystic Bla  Conj/Tloc      94%        2d18      1%          4
 Leda's Liquefaction      Alch/Erth      34%        N/A       1%          4
 Manifold Assault         Tloc           61%        N/A       1%          4
 Petrify                  Alch/Erth      68%        N/A       1%          4
 Sticky Flame             Fire/Alch      84%        2d13      1%          4
 Summon Blazeheart Golem  Fire/Summ      96%        N/A       1%          4
 Summon Lightning Spire   Summ/Air       94%        N/A       1%          4
 Vhi's Electric Charge    Tloc/Air       100%       N/A       1%          4
 Arcjolt                  Conj/Air       56%        1d66      1%          5
 Fireball                 Conj/Fire      57%        3d22      1%          5
 Freezing Cloud           Conj/Ice/Air   47%        6-21      1%          5
 Irradiate                Conj/Alch      44%        3d26      1%          5
 Iskenderun's Battlesphe  Conj           100%       2d15      1%          5
 Lee's Rapid Deconstruct  Erth           44%        3d21*     1%          5
 Silence                  Hex/Air        40%        N/A       1%          5
 Bombard                  Conj/Erth      51%        9d9       1%          6
 Conjure Ball Lightning   Conj/Air       56%        3x3d20    1%          6
 Plasma Beam              Fire/Air       55%        2x1d70    1%          6
 Starburst                Conj/Fire      57%        6d15      1%          6
 Orb of Destruction       Conj           58%        9d14      1%          7
 Summon Forest            Summ/Tloc      34%        N/A       2%          5
 Death Channel            Necr           39%        N/A       3%          6
 Tukima's Dance           Hex            34%        N/A       4%          3
 Dimensional Bullseye     Hex/Tloc       25%        N/A       4%          4
 Summon Cactus Giant      Summ           37%        N/A       4%          6
 Summon Mana Viper        Hex/Summ       59%        N/A       5%          5
 Cause Fear               Hex            17%        N/A       11%         4
 Dispersal                Tloc           30%        N/A       21%         6
 Summon Hydra             Summ           37%        N/A       21%         7
 Yara's Violent Unravell  Hex/Alch       17%        3d8       24%         5
 Eringya's Noxious Bog    Alch           18%        4d6       71%         6
 Sculpt Simulacrum        Ice/Alch       18%        N/A       71%         6
 Summon Horrible Things   Summ           37%        N/A       78%         8
 Enfeeble                 Hex            17%        N/A       99%         7
 Disjunction              Tloc           30%        N/A       99%         8
 Discord                  Hex            17%        N/A       100%        8


Dungeon Overview and Level Annotations

Branches:
Dungeon (15/15) Zot: 23246  Temple (1/1) D:4 Zot: 5959    Lair (5/5) D:8 Zot: 22492
 Shoals (4/4) Lair:3 Zot: 21151  Spider (4/4) Lair:2 Zot: 17689   Slime (5/5) Lair:5 Zot: 26192
    Orc (2/2) D:9 Zot: 10001     Elf (3/3) Orc:2 Zot: 15422  Vaults (5/5) D:14 Zot: 23857
 Depths (4/4) D:15 Zot: 18469     Zot (0/5) Depths:4     Bailey (visited)
  IceCv (visited)         Desolation (visited)
  Crypt: Vaults:2-3

Altars:
Ashenzari
Cheibriados
Dithmenos
Elyvilon
Fedhas
Gozag
Hepliaklqana
Kikubaaqudgha
Makhleb
Nemelex Xobeh
Okawaru
Qazlal
Ru
Sif Muna
Trog
Uskayaw
Vehumet
Wu Jian
Xom
Yredelemnul
Zin
The Shining One
Jiyva

Shops:
D:1 [*:   D:3 *   D:9 [   D:11 [   D:14 (   D:15 (!   Orc:2 =*[(   Elf:1 [
Elf:3 (   Vaults:4 *   Depths:1 ::=   Depths:4 *

Portals:
Hell: Depths:1 Depths:2 Depths:4
Pandemonium: Depths:2
Trove: Depths:1 (give 4 scrolls of blinking)

Annotations:
D:13 2 runed translucent doors, GrimJard's ghost, weakling SpDe
Lair:4 exclusion: downstairs
Lair:5 Rupert
Spider:1 1 exclusion
Orc:1 3 runed translucent doors, Esajatsy's ghost, journeyman HOMo
Orc:2 2 transporters, arrururu's ghost, journeyman OpSh
Depths:3 1 runed translucent door, Zeph's ghost, adept NaFi


Innate Abilities, Weirdness & Mutations

You are a living statue of rough stone.
Your actions are slow, but your melee attacks are powerful.
You are resistant to unholy torment.
You are flying.
Your maximum health is greatly increased.
Your equipment is partially melded.
You are immune to poison.
You have a beak for a mouth.
You have claws for feet.
Your magical flight helps you evade attacks. (EV +4)
You can magically evade attacks while moving or waiting.
You are clumsy. (Dex -2)
You are very frail. (-20% HP)
You passively map a small area around you.
Your spells are a little harder to cast, but a little more powerful.
Your movements are slightly less encumbered by armour. (ER -2)


Message History

Unknown command.
Casting: Maxwell's Capacitive Coupling (dangerous; 1% risk of failure)
Confirm with . or Enter, or press ? or * to list all spells.
Lightning arcs from your fists!
The bolt of lightning hits your butterfly!!!!
You kill your butterfly!
Your butterfly disappears in a burst of colours!
The bolt of lightning hits your butterfly!!!
You kill your butterfly!
Your butterfly disappears in a burst of colours!
The bolt of lightning hits you. You resist.
* * * LOW HITPOINT WARNING * * *
The bolt of lightning hits Vietawnu!!!
Vietawnu is lightly wounded.
The bolt of lightning hits the sun demon!!!
The sun demon resists.
You kill the sun demon!
The bolt of lightning hits your butterfly!!!
You kill your butterfly!
Your butterfly disappears in a burst of colours!
The bolt of lightning hits your butterfly!!!
You kill your butterfly!
Your butterfly disappears in a burst of colours!
The bolt of lightning hits the large abomination!!!
You destroy the large abomination!
The bolt of lightning hits your butterfly!!!!
You kill your butterfly!
Your butterfly disappears in a burst of colours!
The bolt of lightning hits your butterfly!
You kill your butterfly!
Your butterfly disappears in a burst of colours!
The bolt of lightning hits your butterfly!!!
You kill your butterfly!
Your butterfly disappears in a burst of colours!
The bolt of lightning hits your butterfly!!!!
You kill your butterfly!
Your butterfly disappears in a burst of colours!
The bolt of lightning hits the large abomination!!!
You destroy the large abomination!
The bolt of lightning hits the Ice Fiend!!!!
You kill the Ice Fiend!
The bolt of lightning hits your butterfly!!!!
You kill your butterfly!
Your butterfly disappears in a burst of colours!
The bolt of lightning hits your butterfly!!!!
You kill your butterfly!
Your butterfly disappears in a burst of colours!
The bolt of lightning hits your butterfly!!
You kill your butterfly!
Your butterfly disappears in a burst of colours!
The bolt of lightning hits your butterfly!!!
You kill your butterfly!
Your butterfly disappears in a burst of colours!
The bolt of lightning hits your butterfly!!!
You kill your butterfly!
Your butterfly disappears in a burst of colours!
The bolt of lightning hits the ufetubus!!!
You kill the ufetubus!
The ufetubus disappears in a puff of smoke!
The bolt of lightning hits the sun demon!!!
The sun demon resists.
The sun demon is severely wounded.
The bolt of lightning hits your butterfly!!!!
You kill your butterfly!
Your butterfly disappears in a burst of colours!
The bolt of lightning hits your butterfly!!!!
You kill your butterfly!
Your butterfly disappears in a burst of colours!
The bolt of lightning hits your butterfly!!!!
You kill your butterfly!
Your butterfly disappears in a burst of colours!
The bolt of lightning hits your butterfly!!!
You kill your butterfly!
Your butterfly disappears in a burst of colours!
The bolt of lightning hits the ynoxinul!!!
The ynoxinul resists.
You kill the ynoxinul!
The ufetubus disappears in a puff of smoke! x4
The bolt of lightning hits your butterfly!!
You kill your butterfly!
Your butterfly disappears in a burst of colours!
The bolt of lightning hits your butterfly!!!
You kill your butterfly!
Your butterfly disappears in a burst of colours!
The bolt of lightning hits your butterfly!!
You kill your butterfly!
Your butterfly disappears in a burst of colours!
The bolt of lightning hits your butterfly!!!
You kill your butterfly!
Your butterfly disappears in a burst of colours!
The bolt of lightning hits your butterfly!!!
You kill your butterfly!
Your butterfly disappears in a burst of colours!
You hear a hideous shriek!
You hear a screech!
Vietawnu trunk-slaps you!
* * * LOW HITPOINT WARNING * * *
Space warps horribly around you!
* * * LOW HITPOINT WARNING * * *
Vietawnu trunk-slaps you!!
You die...

,,* *,, ,,* *,,, ,,* *,,,*
,,* *,.,*
,.#############..,* *
,................,,
,...............,,,
,,...............,,,
*********#8..#******* * ,*
#&..# ,* #3..# ,* #.§.# .*
#.§.# .#* #§§§#
..##############..b########
*
..............{$...........
..........1................


You could see Vietawnu and a sun demon.

Vanquished Creatures
  Dissolution (Slime:2)
  the Royal Jelly (Slime:5)
  Lom Lobon (Pan)
  2 ancient liches
  Xtahua (Vaults:2)
  Bai Suzhen (Vaults:5)
  Saint Roka (Vaults:5)
  A caustic shrike (Zig:7)
  Nikola (Spider:1)
  A golden dragon (Vaults:5)
  the Enchantress (Depths:2)
  3 pandemonium lords (Pan)
  Arachne (Spider:4)
  2 Brimstone Fiends (Pan)
  3 iron giants
  A tentacled monstrosity (Vaults:5)
  Zenata (Vaults:2)
  2 Ice Fiends (Pan)
  A quicksilver dragon (Vaults:5)
  2 deep elf blademasters (Elf:3)
  5 liches
  15 acid blobs
  A kraken (Shoals:2)
  2 titans
  2 deep elf master archers (Elf:3)
  An ancient champion (Zig:8)
  A sphinx (Vaults:3)
  3 Executioners (Pan)
  2 tengu reavers (Vaults:5)
  A storm dragon (Vaults:5)
  4 shadow dragons (Vaults:5)
  2 narguns (Zig:4)
  A nagaraja (Pan)
  A draconian knight (Zig:9)
  10 azure jellies
  3 fenstrider witches
  8 rockslimes
  6 emperor scorpions
  2 demonspawn warmongers (Pan)
  2 draconian monks (Zig:9)
  4 imperial myrmidons (Desolation)
  3 fire giants (Vaults:5)
  3 deep elf sorcerers
  A quicksilver elemental (Zig:7)
  6 frost giants
  Louise (D:14)
  9 vault wardens
  2 deep elf elementalists
  A draconian shifter (Zig:2)
  A curse skull (Zig:8)
  2 orc warlords
  2 balrugs
  2 ghost moths (Spider:4)
  6 broodmothers
  A draconian annihilator (Zig:2)
  6 quicksilver oozes
  4 stone giants
  A demonspawn blood saint (Pan)
  3 draconian stormcallers (Zig:9)
  9 ironbound preservers
  4 very ugly things (Depths:1)
  4 cacodemons (Pan)
  A reaper (Pan)
  3 spriggan defenders (Depths:2)
  A formless jellyfish (Zig:6)
  14 lorocyprocas (Pan)
  4 vampire knights
  8 deep elf annihilators
  An ironbound thunderhulk (Vaults:2)
  2 deep elf death magi (Elf:3)
  4 green draconians
  3 black draconians
  2 demonspawn black suns (Pan)
  3 deep elf demonologists (Elf:3)
  2 halazid warlocks (Desolation)
  8 dire elephants
  3 bunyips (Zig:5)
  2 purple draconians (Zig:9)
  A red draconian (Depths:4)
  2 iron golems (Zig:7)
  2 spark wasps
  A war gargoyle (Vaults:5)
  A wendigo (Zig:4)
  3 ettins
  3 crystal guardians
  4 green deaths (Pan)
  2 merfolk javelineers (Shoals:4)
  A servant of whispers (Desolation)
  Snorg (D:14)
  8 merfolk impalers
  The ghost of zkyp the Demolition Oni, a journeyman OnBr of Makhleb (D:10)
  3 fire dragons
  6 entropy weavers
  9 ragged hierophants (Desolation)
  Josephine (D:13)
  6 hydras
  3 yaktaur captains
  Fannar (D:11)
  3 deep elf high priests
  2 rakshasas
  A hell beast (Pan)
  3 ice dragons
  16 vault guards
  A salamander tyrant (Depths:2)
  2 spriggan air magi (Depths:2)
  10 boulder beetles
  3 jorogumos
  3 merfolk avatars
  A catoblepas (D:14)
  3 ogre magi
  4 great orbs of eyes
  23 two-headed ogres
  4 merfolk aquamancers
  4 peacekeepers
  9 centaur warriors
  2 radroaches
  2 satyrs (Shoals:3)
  An ironbound frostheart (Vaults:3)
  5 tengu warriors
  2 deep troll shamans (Depths:2)
  4 dancing weapons
  8 deep troll earth magi
  2 occultists
  17 death yaks
  2 vampire magi (Zig:8)
  A spriggan berserker (Depths:2)
  5 demonic crawlers
  3 orc high priests
  Sonja (Lair:5)
  8 sun demons (Pan)
  2 soul eaters (Pan)
  Nergalle (Orc:2)
  11 deep elf knights
  6 sixfirhies (Pan)
  3 crystal echidnas
  9 pharaoh ants
  24 deep trolls
  6 sea snakes
  4 fire crabs
  2 glowing orange brains (Pan)
  A flayed ghost (Zig:8)
  13 orb spiders
  2 arcanists
  A phantasmal warrior (Vaults:5)
  2 sun moths
  9 ironbound convokers
  Pikel (D:5)
  A deep troll (shapeshifter) (Vaults:5)
  6 steelbarb worms
  11 harpies
  13 deep elf zephyrmancers
  2 lindwurms (Vaults:2)
  6 deep elf archers
  18 deep elf pyromancers
  3 orc sorcerers
  11 manticores
  5 large abominations (Pan)
  11 fauns
  24 wolf spiders
  A shining eye (Slime:1)
  12 orc knights
  9 ugly things
  5 cyclopes
  A will-o-the-wisp (Vaults:4)
  3 moths of wrath
  4 meliai
  6 elephants
  2 Executioner simulacra (Pan)
  2 guardian serpents (Desolation)
  3 merfolk sirens
  3 water nymphs
  A black mamba (shapeshifter) (D:15)
  6 cane toads
  3 nameless horrors
  6 molten gargoyles
  A centaur zombie (D:15)
  7 black mambas
  12 vault sentinels
  3 gargoyles
  2 torpor snails
  3 orange demons (Pan)
  5 smoke demons (Pan)
  2 hellions (Pan)
  Maggie (D:8)
  A centaur skeleton (D:15)
  8 rime drakes
  2 unseen horrors
  4 kobold demonologists (D:12)
  20 yaktaurs
  3 dryads (Depths:2)
  11 komodo dragons
  2 tengu conjurers
  2 ice devils (Pan)
  A red devil (Pan)
  8 polar bears
  3 trolls
  6 hellwings (Pan)
  30 merfolk
  A hornet (Depths:2)
  5 tyrant leeches
  11 blink frogs
  7 wind drakes
  24 tarantellas
  41 saltlings
  2 glass eyes
  5 snapping turtles
  9 dream sheep
  20 culicivoras
  Sigmund (D:3)
  27 jumping spiders
  A centaur simulacrum (D:14)
  3 spriggans (Depths:2)
  7 ynoxinuls (Pan)
  A shadow (D:10)
  An air elemental (Elf:1)
  7 wraiths
  2 wyverns
  Eustachio (D:6)
  36 slime creatures
  4 water elementals
  80 yaks
  6 basilisks
  3 fire elementals
  9 wargs
  7 humans (D:14)
  14 vampire mosquitoes
  A neqoxec (Pan)
  55 redbacks
  2 chaos spawn (Pan)
  2 steam dragons
  2 acid dragons
  16 water moccasins
  5 hell hounds
  3 ice beasts
  53 orc warriors
  A sky beast (D:8)
  A black bear (D:6)
  16 wolves
  11 ogres
  4 boggarts (D:15)
  19 centaurs
  A lemure (D:5)
  A phantom (D:7)
  5 kobold brigands
  3 gnoll sergeants
  5 bullfrogs
  2 scorpions
  A necrophage (D:7)
  5 wights
  14 killer bees
  A howler monkey (D:6)
  3 electric eels
  7 lava snakes
  2 bombardier beetles
  3 hounds
  6 jellies
  25 orc priests
  3 gnoll boudas
  4 iguanas
  A sleepcap (D:5)
  19 orc wizards
  4 hell rats (Lair:2)
  A hound skeleton (D:7)
  29 gnolls
  2 adders
  15 white imps
  6 ufetubi
  A dart slug (D:5)
  A ribbon worm (D:2)
  99 orcs
  14 bats
  8 endoplasms
  3 giant cockroaches
  4 goblins
  7 hobgoblins
  14 kobolds
  2 quokkas
  5 ball pythons
  6 frilled lizards
  5 rats
1725 creatures vanquished.

Vanquished Creatures (collateral kills)
  A golden dragon (Depths:4)
  A Brimstone Fiend (Pan)
  3 tentacled monstrosities (Vaults:5)
  Asterion (Depths:2)
  2 sphinxes (Vaults:5)
  7 acid blobs
  3 Executioners (Pan)
  3 titans (Vaults:5)
  3 tengu reavers
  2 shadow dragons (Vaults:5)
  A draconian monk (Depths:4)
  Roxanne (Elf:2)
  4 storm dragons
  An azure jelly (Lair:5)
  5 frost giants
  A rockslime (Slime:3)
  2 fire giants (Vaults:5)
  2 fenstrider witches (Depths:2)
  An iron dragon (Depths:1)
  A draconian shifter (Depths:4)
  6 vault wardens
  2 demonspawn blood saints (Pan)
  A reaper (Pan)
  A cacodemon (Pan)
  3 ironbound preservers
  6 stone giants
  A very ugly thing (Vaults:5)
  A quicksilver ooze (Slime:3)
  6 ironbound thunderhulks
  A green draconian (Depths:4)
  An eleionoma (Depths:2)
  A vampire knight (Depths:3)
  2 deep elf death magi (Elf:3)
  8 spark wasps
  3 deep elf annihilators
  A yellow draconian (Depths:4)
  2 dire elephants (Vaults:3)
  A red draconian (Depths:4)
  2 war gargoyles
  A fire dragon (Depths:2)
  4 blizzard demons (Pan)
  A green death (Pan)
  2 ettins
  A merfolk impaler (Shoals:4)
  4 great orbs of eyes
  2 yaktaur captains
  16 vault guards
  A peacekeeper (Vaults:4)
  3 rakshasas
  A hell beast (Depths:1)
  A salamander tyrant (Depths:2)
  An ice dragon (Depths:4)
  2 ogre magi
  A boulder beetle (Vaults:3)
  A merfolk aquamancer (Depths:2)
  4 dancing weapons
  2 two-headed ogres (Vaults:5)
  A merfolk avatar (Shoals:3)
  An orc high priest (Vaults:4)
  A demonic crawler (Pan)
  2 tengu warriors
  2 sun demons (Pan)
  2 soul eaters (Pan)
  An iron troll (Depths:4)
  A spectral spark wasp (Depths:1)
  2 sixfirhies (Pan)
  2 large abominations (Pan)
  A death drake (Zig:1)
  5 deep trolls
  2 arcanists
  A quicksilver dragon simulacrum (Depths:1)
  A swamp dragon (shapeshifter) (Vaults:5)
  A sun moth (shapeshifter) (Vaults:5)
  A flayed ghost (Depths:2)
  A glowing orange brain (Slime:5)
  3 ironbound convokers
  4 orc knights
  A necromancer (D:15)
  2 deep elf pyromancers (Elf:3)
  4 lindwurms
  A deep elf archer (Elf:2)
  4 phantasmal warriors (Vaults:5)
  2 ugly things (Vaults:3)
  2 orc sorcerers (Vaults:5)
  2 deep elf zephyrmancers (Elf:3)
  2 salamanders (Depths:2)
  11 slime creatures
  6 vault sentinels
  5 orange demons (Pan)
  4 smoke demons (Pan)
  A centaur skeleton (D:15)
  A dryad (Depths:2)
  4 yaktaurs
  An ice devil (Pan)
  A tengu conjurer (Depths:2)
  2 merfolk
  A hellwing (Pan)
  A wind drake (shapeshifter) (Vaults:5)
  A harpy skeleton (D:15)
  A saltling (Desolation)
  A meliai zombie (D:15)
  A snapping turtle (shapeshifter) (Vaults:5)
  A jumping spider (Spider:2)
  5 spriggans
  A spriggan (shapeshifter) (Vaults:5)
  A ynoxinul (Pan)
  2 nameless horrors (Depths:2)
  3 orc warriors
  2 earth elementals (Elf:3)
  2 orc priests (Vaults:5)
  2 orcs (Vaults:5)
258 creatures vanquished.

Vanquished Creatures (others)
  A rakshasa (Pan)
  A glowing orange brain (Pan)
  A vault sentinel (Vaults:5)
  A culicivora (Spider:3)
  A water elemental (Shoals:3)
  An orc priest (Orc:2)
  3 ball lightnings (Pan)
  258 fire vortices
267 creatures vanquished.

Grand Total: 2250 creatures vanquished

Notes
Turn   | Place    | Note
-------+----------+-------------------------------------------
     0 | D:1      | Flugkiller the Tengu Air Elementalist began the quest for
                  | the Orb.
     0 | D:1      | Reached XP level 1. HP: 10/10 MP: 4/4
    85 | D:1      | Found Geseez Woxt's Book Shop.
   300 | D:1      | Reached skill level 2 in Conjurations
   300 | D:1      | Reached XP level 2. HP: 15/15 MP: 3/6
   413 | D:1      | Found a faded altar of an unknown god.
   514 | D:1      | Found Yxtoosch's Assorted Antiques.
   617 | D:1      | Bought a scroll labelled SUOGYMEAXT for 22 gold pieces
   876 | D:1      | Found Zuorghir's Antique Armour Shoppe.
   996 | D:2      | Reached XP level 3. HP: 19/19 MP: 1/7
  1598 | D:3      | Noticed a centaur
  1756 | D:3      | Found Zin's Purification Station.
  1760 | D:3      | Found a glowing silver altar of Zin.
  1768 | D:3      | Noticed Sigmund
  1775 | D:3      | Learned a level 3 spell: Swiftness
  1838 | D:3      | Reached XP level 4. HP: 24/24 MP: 5/9
  1961 | D:3      | Killed a centaur
  1962 | D:3      | Reached skill level 5 in Air Magic
  1962 | D:3      | Reached XP level 5. HP: 22/28 MP: 10/11
  2188 | D:4      | Noticed a black bear
  2355 | D:4      | Noticed an ogre
  2382 | D:4      | Killed an ogre
  2383 | D:4      | Reached XP level 6. HP: 32/32 MP: 13/13
  2549 | D:4      | Found a staircase to the Ecumenical Temple.
  2777 | D:3      | Learned a level 4 spell: Airstrike
  2843 | D:3      | Killed Sigmund
  2844 | D:3      | Reached skill level 5 in Spellcasting
  2844 | D:3      | Gained mutation: Your magical flight helps you evade
                  | attacks. (EV +4) [Tengu growth]
  2844 | D:3      | Reached XP level 7. HP: 36/36 MP: 13/15
  2926 | D:1      | Bought a masterwork leather armour for 168 gold pieces
  2926 | D:1      | Identified the +1 leather armour of Winter {Rampage Regen+
                  | Str+7 Int-4} (You bought it in a shop on level 1 of the
                  | Dungeon)
  3074 | D:5      | Entered Level 5 of the Dungeon
  3100 | D:5      | Found a hide-covered altar of Uskayaw.
  3127 | Temple   | Entered the Ecumenical Temple
  3147 | Temple   | Became a worshipper of Ashenzari the Shackled
  3266 | D:5      | Noticed Pikel
  3323 | D:5      | Killed Pikel
  3324 | D:5      | Reached XP level 8. HP: 37/41 MP: 15/18
  3570 | D:5      | Found a basalt altar of Yredelemnul.
  3837 | D:6      | Noticed Eustachio
  3839 | D:6      | Noticed a yak
  3854 | D:6      | Noticed a yak
  3854 | D:6      | Noticed a yak
  3855 | D:6      | Killed Eustachio
  3855 | D:6      | Noticed a yak
  3856 | D:6      | Reached skill level 10 in Air Magic
  3858 | D:6      | Noticed a yak
  3861 | D:6      | Killed a yak
  3865 | D:6      | Killed a yak
  3866 | D:6      | Reached XP level 9. HP: 45/45 MP: 1/21
  4134 | D:6      | Found a stormy altar of Qazlal.
  4134 | D:6      | Found a sparkling altar of Nemelex Xobeh.
  4534 | D:6      | Reached skill level 1 in Fighting
  4685 | D:7      | Reached * piety under Ashenzari
  4943 | D:7      | Found a flagged portal.
  4954 | Bailey   | Entered a bailey
  5011 | Bailey   | Reached XP level 10. HP: 52/58 MP: 23/24
  5097 | Bailey   | Learned a level 2 spell: Static Discharge
  5111 | Bailey   | Reached skill level 5 in Fighting
  5280 | Bailey   | Reached skill level 5 in Dodging
  5286 | Bailey   | Noticed an orc knight
  5321 | Bailey   | Killed an orc knight
  5363 | Bailey   | Reached skill level 1 in Evocations
  5457 | Bailey   | Noticed an orc knight
  5475 | Bailey   | Killed an orc knight
  5569 | D:7      | Found a burning altar of Makhleb.
  6021 | D:8      | Reached skill level 5 in Evocations
  6057 | D:8      | Learned a level 5 spell: Borgnjor's Vile Clutch
  6138 | D:8      | Reached ** piety under Ashenzari
  6152 | D:8      | Reached skill level 1 in Necromancy
  6183 | D:8      | Found a staircase to the Lair.
  6221 | D:8      | Noticed Maggie
  6225 | D:8      | Killed Maggie
  6266 | D:8      | Reached XP level 11. HP: 66/66 MP: 11/25
  6287 | D:8      | Reached skill level 1 in Earth Magic
  6795 | Lair:1   | Entered Level 1 of the Lair of Beasts
  7243 | D:1      | Bought Maxwell's Memoranda for 440 gold pieces
  7249 | D:1      | Learned a level 5 spell: Arcjolt
  7387 | Lair:1   | Reached skill level 3 in Conjurations
  7387 | Lair:1   | Reached skill level 5 in Necromancy
  7434 | Lair:1   | Reached *** piety under Ashenzari
  7928 | Lair:2   | Reached skill level 4 in Conjurations
  7980 | Lair:2   | Reached skill level 5 in Conjurations
  8003 | Lair:2   | Reached XP level 12. HP: 64/76 MP: 4/28
  8030 | Lair:2   | Reached skill level 6 in Conjurations
  8177 | Lair:2   | Reached skill level 7 in Conjurations
  8247 | Lair:2   | Noticed a six-headed hydra
  8556 | Lair:2   | Found a hole to the Spider Nest.
  8560 | Lair:2   | Reached skill level 8 in Conjurations
  8659 | Lair:2   | Noticed a death yak
  8668 | Lair:2   | Reached skill level 9 in Conjurations
  8672 | Lair:2   | Noticed a death yak
  8673 | Lair:2   | Noticed a death yak
  8843 | Lair:2   | Killed a six-headed hydra
  8935 | Lair:2   | Reached skill level 10 in Conjurations
  9348 | Lair:3   | Learned a level 8 spell: Maxwell's Capacitive Coupling
  9494 | Lair:3   | Found a staircase to the Shoals.
 10182 | Lair:4   | Reached XP level 13. HP: 65/82 MP: 27/29
 10250 | Lair:4   | Reached skill level 10 in Dodging
 10886 | Lair:5   | Entered Level 5 of the Lair of Beasts
 10887 | Lair:5   | Noticed Sonja
 10891 | Lair:5   | Killed Sonja
 10953 | Lair:5   | Found a staircase to the Slime Pits.
 10953 | Lair:5   | Found a viscous altar of Jiyva.
 10994 | Lair:5   | Reached **** piety under Ashenzari
 11030 | Lair:5   | Reached skill level 15 in Air Magic
 11589 | Lair:5   | Reached skill level 11 in Conjurations
 11831 | Lair:5   | Noticed Rupert
 11955 | Lair:5   | Found a large runed translucent door.
 11955 | Lair:5   | Found a large runed translucent door.
 12104 | Lair:5   | Reached skill level 12 in Conjurations
 12302 | Lair:5   | Reached XP level 14. HP: 88/88 MP: 8/30
 12542 | Lair:2   | Reached skill level 13 in Conjurations
 12791 | D:9      | Found Timamoc's Armour Shoppe.
 12862 | D:9      | Bought a +1 hat of see invisible for 240 gold pieces
 12873 | D:9      | Found a staircase to the Orcish Mines.
 13121 | D:9      | Identified Vikuarid's Lessons on Galvanic Conflagration
 13122 | D:9      | Identified the +1 trident of Zoigirya {freeze, Will+ Str+3
                  | Dex+3}
 13125 | D:9      | Found the +8 lance "Wyrmbane" {slay drac, rPois rF+ rC+
                  | AC+3}
 13492 | D:10     | Entered Level 10 of the Dungeon
 13497 | D:10     | Reached skill level 14 in Conjurations
 13589 | D:10     | Found a shadowy altar of Dithmenos.
 13622 | D:10     | Found a radiant altar of Vehumet.
 13626 | D:10     | Found a shimmering blue altar of Sif Muna.
 13737 | D:10     | Found a transporter.
 13739 | D:10     | Noticed zkyp's ghost (journeyman OnBr)
 13740 | D:10     | Found a transporter.
 13743 | D:10     | Identified the +1 dire flail of Honour {freeze, rC- rN+
                  | Will++}
 13891 | D:10     | Identified the +9 plate armour "Foud" {Fly Dex+3}
 14319 | D:11     | Reached skill level 10 in Fighting
 14617 | D:11     | Found Haur's Armour Shoppe.
 15073 | D:11     | Noticed Fannar
 15083 | D:11     | Killed Fannar
 15449 | D:12     | Reached skill level 10 in Spellcasting
 15551 | D:12     | Identified the +0 battleaxe of Zikhomo {vamp, Dex+4}
 16095 | D:13     | Reached skill level 15 in Conjurations
 16586 | D:13     | Noticed Josephine
 16588 | D:13     | Killed Josephine
 16638 | D:13     | Reached XP level 15. HP: 83/96 MP: 18/32
 16838 | D:13     | Found a runed translucent door.
 16868 | D:13     | Noticed a lich
 16870 | D:13     | Noticed GrimJard's ghost (weakling SpDe)
 16872 | D:13     | Identified the +5 halberd "Uzxuziq" {heavy, rElec rN+
                  | Str-4}
 16874 | D:13     | Found a runed translucent door.
 17038 | D:14     | Found Haonkuk's Weapon Boutique.
 17231 | D:14     | Noticed Louise
 17241 | D:14     | Killed Louise
 17242 | D:14     | Reached skill level 16 in Conjurations
 17643 | D:14     | Noticed Snorg
 17878 | D:14     | Killed Snorg
 18012 | D:14     | Found a gate to the Vaults.
 18174 | D:15     | Entered Level 15 of the Dungeon
 18174 | D:15     | Identified the +8 rapier "Orb Guardian's Doom" {speed,
                  | rCorr Int+3 Stlth+}
 18177 | D:15     | Found Kionnong's Distillery.
 18266 | D:15     | Reached skill level 17 in Conjurations
 18622 | D:15     | Reached skill level 1 in Fire Magic
 18695 | D:15     | Found Suanuh's Weapon Shop.
 19334 | Orc:1    | Entered Level 1 of the Orcish Mines
 19604 | Orc:1    | Found a runed translucent gate.
 19605 | Orc:1    | Found a runed translucent gate.
 19605 | Orc:1    | Identified the +16 plate armour of Noughts and Crosses
                  | {rN+}
 19606 | Orc:1    | Found a runed translucent gate.
 19607 | Orc:1    | Noticed Esajatsy's ghost (journeyman HOMo)
 19667 | Orc:2    | Entered Level 2 of the Orcish Mines
 19678 | Orc:2    | Reached skill level 18 in Conjurations
 19755 | Orc:2    | Found a frozen archway.
 19768 | IceCv    | Entered an ice cave
 19915 | IceCv    | Reached skill level 5 in Fire Magic
 19915 | IceCv    | Reached XP level 16. HP: 102/102 MP: 28/35
 20329 | Orc:2    | Found a staircase to the Elven Halls.
 20381 | Orc:2    | Noticed Nergalle
 20507 | Orc:2    | Found a transporter.
 20517 | Orc:2    | Found a bloodstained altar of Trog.
 20527 | Orc:2    | Noticed arrururu's ghost (journeyman OpSh)
 20538 | Orc:2    | Found a transporter.
 20567 | Orc:2    | Found a bloodstained altar of Trog.
 20682 | Orc:2    | Killed Nergalle
 21110 | Orc:2    | Found Kaalasm's General Store.
 21125 | Orc:2    | Found Hoaddomumm's Jewellery Boutique.
 21141 | Orc:2    | Found Xoadad's Antique Armour Boutique.
 21157 | Orc:2    | Found Eseiph's Antique Weapon Boutique.
 21170 | Orc:2    | Bought a scroll of fear for 68 gold pieces
 21170 | Orc:2    | Bought a scroll of fog for 68 gold pieces
 21471 | D:1      | Bought the Compilation of the Coals for 484 gold pieces
 21481 | D:1      | Learned a level 9 spell: Fire Storm
 21659 | Spider:1 | Entered Level 1 of the Spider Nest
 21848 | Spider:1 | Reached skill level 10 in Fire Magic
 21948 | Spider:1 | Noticed Nikola
 21953 | Spider:1 | Killed Nikola
 22097 | Spider:1 | Identified the +7 trident of the Spider Nest {elec, Int+3}
 23201 | Spider:2 | Reached XP level 17. HP: 107/107 MP: 30/36
 23857 | Spider:3 | Reached ***** piety under Ashenzari
 24029 | Spider:3 | Reached skill level 15 in Fire Magic
 24259 | Spider:4 | Entered Level 4 of the Spider Nest
 24743 | Spider:4 | Reached skill level 19 in Conjurations
 25285 | Spider:4 | Noticed Arachne
 25289 | Spider:4 | Killed Arachne
 25689 | Spider:4 | Identified the +2 leather armour of the True Pharaoh {rF++
                  | Stlth-}
 25706 | Spider:4 | Reached skill level 20 in Conjurations
 25874 | Spider:4 | Reached XP level 18. HP: 85/108 MP: 9/35
 26139 | Spider:4 | Got a gossamer rune of Zot
 26455 | Shoals:1 | Entered Level 1 of the Shoals
 26549 | Shoals:1 | Found a flickering gateway to a bazaar.
 26569 | Bazaar   | Entered a bazaar
 26569 | Bazaar   | Found Sulaubi's Antique Armour Shop.
 26581 | Bazaar   | Found Onaskep's General Store.
 26601 | Bazaar   | Found Evycw's Antique Weapon Shop.
 26635 | Bazaar   | Bought a potion of cancellation for 96 gold pieces
 27697 | Shoals:4 | Entered Level 4 of the Shoals
 27703 | Shoals:4 | Reached skill level 21 in Conjurations
 28031 | Shoals:4 | Got a barnacled rune of Zot
 28892 | Elf:1    | Entered Level 1 of the Elven Halls
 28903 | Orc:2    | Learned a level 7 spell: Spellforged Servitor
 29095 | Elf:1    | Found a crumbling gateway.
 29099 | Desolati | Entered the Desolation of Salt
 29118 | Desolati | Reached skill level 22 in Conjurations
 29147 | Desolati | Reached XP level 19. HP: 109/118 MP: 12/38
 29318 | Desolati | Identified the +10 orcbow "Nyipy" {drain, rN+++ Will-
                  | Int+5}
 29527 | Desolati | Identified the ring of Laceuv {rF+ Will+ rCorr Str+2 Int-5}
 29581 | Desolati | Found the +8 autumn katana {manifold assault}
 29584 | Desolati | Identified the +1 chain mail of Gravity {Int+2}
 29585 | Desolati | Identified Sif Muna's Compendium of Friendly Toxicity
 29644 | Desolati | Identified the ring of Qeriamot {rC+ SInv}
 29687 | Desolati | Identified the amulet of Beroota {Acrobat Str+3 SInv}
 29753 | Desolati | Found the +2 hood of the Assassin {Detect Stab+ Stlth++}
 29971 | Elf:1    | Found Cun Ehoh's Armour Shop.
 29976 | Elf:1    | Paralysed by an air elemental for 1 turns
 30150 | Elf:1    | HP: 5/118 [+1 heavy dire flail (6)]
 30306 | Elf:2    | Noticed Roxanne
 30459 | Elf:2    | Learned a level 6 spell: Bombard
 30469 | Elf:2    | Killed Roxanne
 30644 | Elf:2    | Reached skill level 1 in Shapeshifting
 30709 | Elf:3    | Entered Level 3 of the Elven Halls
 30724 | Elf:3    | Found Qotanorgh's Weapon Emporium.
 31314 | Elf:3    | Reached skill level 5 in Shapeshifting
 31451 | Elf:3    | Identified the +1 plate armour of Noon {rF+++ rN+ rCorr
                  | Slay-2}
 31501 | Elf:3    | Identified the +3 halberd of Infection {speed, rF- rN+++
                  | Str+3 Dex-2}
 31502 | Elf:3    | Identified the Handbook of the Coals and Hexes
 31502 | Elf:3    | Identified the Volume of Interference
 31503 | Elf:3    | Identified the -1 pair of gloves of Springtime {-Tele Str+5
                  | Dex+4}
 31503 | Elf:3    | Identified the +0 helmet of Yredelemnul's Grace {Str+3
                  | Int+4}
 31542 | Elf:3    | Identified the +8 whip "Qyok" {freeze, rF+ Will+ Int-4}
 31554 | Elf:3    | Reached XP level 20. HP: 127/127 MP: 2/40
 31675 | Elf:3    | Identified the staff "Jaxa" {rElec Dex+2 Air}
 31675 | Elf:3    | Identified Kikubaaqudgha's Handbook of Death
 31721 | Elf:3    | Learned a level 8 spell: Lehudib's Crystal Spear
 32128 | Vaults:1 | Entered Level 1 of the Vaults
 32376 | Vaults:1 | Learned a level 4 spell: Passage of Golubria
 32633 | Vaults:2 | Noticed Zenata
 32780 | Vaults:2 | Killed Zenata
 33116 | Vaults:2 | Noticed Xtahua
 33136 | Vaults:2 | Killed Xtahua
 33487 | Vaults:2 | Identified the +4 triple crossbow of the Vulture {flame,
                  | *Corrode Dex+4}
 34229 | Vaults:3 | Reached skill level 10 in Shapeshifting
 34866 | Vaults:4 | Identified Suet's Volume of Causimancy
 35159 | Vaults:4 | Reached XP level 21. HP: 132/132 MP: 22/41
 35325 | Vaults:4 | Found Maill's Assorted Antiques.
 35328 | Vaults:4 | Bought a fizzy puce potion for 38 gold pieces
 35804 | Vaults:4 | Bought a scroll of teleportation for 129 gold pieces
 36249 | D:15     | Found a staircase to the Depths.
 36274 | Depths:1 | Entered Level 1 of the Depths
 36406 | Depths:1 | Found a gateway to Hell.
 36603 | Depths:1 | Found a sacrificial altar of Ru.
 36676 | Depths:1 | Found a sacrificial altar of Ru.
 36883 | Depths:1 | Found Pararoex's Jewellery Shop.
 36883 | Depths:1 | Found Archi's Book Shoppe.
 36884 | Depths:1 | Found Xoezocki's Book Shoppe.
 36996 | Depths:1 | Found a portal to a secret trove of treasure.
 37154 | Depths:2 | Noticed Asterion
 37508 | Depths:2 | Killed Asterion
 38196 | Depths:2 | Noticed the Enchantress
 38198 | Depths:2 | Killed the Enchantress
 38449 | Depths:2 | Found a one-way gate leading to the halls of Pandemonium.
 38518 | Depths:2 | Reached skill level 1 in Shields
 38906 | Depths:2 | Identified the +6 plate armour "Fyoptido" {Rampage *Slow
                  | rF+ SInv Stlth+}
 39178 | Depths:3 | Found a one-way gateway to a ziggurat.
 39220 | Depths:3 | Reached skill level 15 in Shapeshifting
 39231 | Depths:3 | Gained mutation: You are frail. (-10% HP) [mutagenic glow]
 39272 | Depths:3 | Found a shimmering blue altar of Sif Muna.
 39301 | Depths:3 | Lost mutation: You are frail. (-10% HP) [potion of
                  | mutation]
 39301 | Depths:3 | Gained mutation: You are weak. (Str -2) [potion of
                  | mutation]
 39880 | Depths:4 | Entered Level 4 of the Depths
 39892 | Depths:3 | Found a runed translucent door.
 39894 | Depths:3 | Noticed Zeph's ghost (adept NaFi)
 40147 | Depths:4 | Reached skill level 1 in Summonings
 40147 | Depths:4 | Reached XP level 22. HP: 137/137 MP: 28/42
 40389 | Depths:4 | Found Xan Hijy's Assorted Antiques.
 40413 | Depths:4 | Bought a scroll of teleportation for 114 gold pieces
 40513 | Depths:4 | Noticed a golden dragon
 40518 | Depths:4 | Killed a golden dragon
 40977 | Depths:4 | Found a gate to the Realm of Zot.
 41306 | Depths:3 | Identified the cursed +2 pair of gloves "Gnostic Activism"
                  | {Elem, Cun} (You found it on level 4 of the Lair of Beasts)
 41306 | Depths:3 | Identified the cursed +3 leather armour "Distant Shame"
                  | {rPois, Elem, Range} (You found it on level 2 of the
                  | Dungeon)
 41827 | Slime:1  | Entered Level 1 of the Pits of Slime
 41837 | Slime:1  | Reached skill level 5 in Shields
 42042 | Slime:2  | Reached skill level 5 in Summonings
 42101 | Slime:3  | Noticed Dissolution
 42111 | Slime:2  | Killed Dissolution
 42263 | Slime:5  | Entered Level 5 of the Pits of Slime
 42362 | Slime:5  | Noticed the Royal Jelly
 42365 | Slime:5  | Killed the Royal Jelly
 42460 | Slime:5  | Identified the +8 flail of the Solstice {freeze, rPois
                  | Str+5}
 42461 | Slime:5  | Identified the +8 scale mail "Ynaniekk" {rF- Dex+3 Slay+2}
 42462 | Slime:5  | Identified the +0 great sword of Tenacity {vamp, Fly rN+
                  | Str-2}
 42463 | Slime:5  | Identified the ring "Vuria" {Fly MP+9 Str+7 Dex+6}
 42468 | Slime:5  | Identified the +2 leather armour "Byfezu" {Dex+6 Slay-6}
 42489 | Slime:5  | Got a slimy rune of Zot
 43200 | Vaults:5 | Entered Level 5 of the Vaults
 43351 | Vaults:5 | Reached XP level 23. HP: 143/143 MP: 13/43
 43361 | Vaults:5 | Noticed Saint Roka
 43364 | Vaults:5 | Killed Saint Roka
 43407 | Vaults:5 | HP: 8/185 [titan (7)]
 43451 | Vaults:5 | Noticed Bai Suzhen
 43454 | Vaults:5 | Killed Bai Suzhen
 43644 | Vaults:5 | Identified Duroukou's Handbook of Bombardment and
                  | Accompaniment
 43689 | Vaults:5 | Learned a level 9 spell: Chain Lightning
 43714 | Vaults:5 | Reached skill level 15 in Spellcasting
 43743 | Vaults:5 | Noticed a golden dragon
 43798 | Vaults:5 | Reached skill level 1 in Polearms
 43839 | Vaults:5 | Paralysed by a sphinx for 2 turns
 43896 | Vaults:5 | Reached skill level 5 in Polearms
 43981 | Vaults:5 | Got a silver rune of Zot
 44032 | Vaults:5 | Noticed an ancient lich
 44038 | Vaults:5 | Killed an ancient lich
 44178 | Vaults:5 | Identified the +3 shortbow "Worroema" {flame, rCorr Str+3
                  | Int+3}
 44185 | Vaults:5 | Killed a golden dragon
 44203 | Vaults:5 | Identified the +10 chain mail of the Bard {-Tele Str+3
                  | Dex+4 SInv}
 44828 | Zig:1    | Entered Level 1 of a ziggurat
 44848 | Zig:2    | Entered Level 2 of a ziggurat
 44851 | Zig:2    | Reached XP level 24. HP: 152/152 MP: 37/45
 44885 | Zig:3    | Entered Level 3 of a ziggurat
 44885 | Zig:3    | Identified the ring of the Country {Will+ rCorr Stlth+}
 44885 | Zig:3    | Identified the +3 morningstar of the Delightful God {venom,
                  | Fly rF- Str+3}
 44974 | Zig:4    | Entered Level 4 of a ziggurat
 44975 | Zig:4    | Identified the staff of the Boiling Point {rF+ rN+ Int-4
                  | Dex+3 Earth}
 44977 | Zig:4    | Identified the +5 war axe "Weojoase" {flame, *Slow rPois
                  | Str+3}
 45013 | Zig:5    | Entered Level 5 of a ziggurat
 45013 | Zig:5    | Identified the ring of Noishrake {rF+ rN+ Dex+5}
 45048 | Zig:6    | Entered Level 6 of a ziggurat
 45053 | Zig:6    | Identified the staff of Izuisat {Will+ Earth}
 45083 | Zig:7    | Entered Level 7 of a ziggurat
 45089 | Zig:7    | Noticed a caustic shrike
 45091 | Zig:7    | Killed a caustic shrike
 45108 | Zig:7    | Identified the ring "Ylaug" {^Drain rElec rPois rC+ MP+9}
 45242 | Zig:8    | Entered Level 8 of a ziggurat
 45248 | Zig:8    | Noticed an ancient lich
 45252 | Zig:8    | Killed an ancient lich
 45256 | Zig:8    | Identified the ring of the Clam {Will+ Dex+2 SInv}
 45270 | Zig:8    | Identified the granite talisman of Jopimnueg {SInv}
 45375 | Zig:9    | Entered Level 9 of a ziggurat
 45392 | Zig:9    | Identified the +8 spear of Prescription {drain, rF+ rN+
                  | Stlth+}
 45438 | Zig:10   | Entered Level 10 of a ziggurat
 45454 | Zig:10   | Identified the +8 mace "Sepsail" {venom, Fly rPois Will++
                  | Str-2}
 45509 | Zig:11   | Entered Level 11 of a ziggurat
 45514 | Zig:11   | Noticed a Killer Klown
 45514 | Zig:11   | Noticed Saurinom the pandemonium lord
 45515 | Zig:11   | Noticed Sougux the pandemonium lord
 45518 | Zig:11   | Noticed a Killer Klown
 45518 | Zig:11   | Noticed Akamoid the pandemonium lord
 45519 | Zig:11   | Noticed a Killer Klown
 45523 | Zig:11   | Identified the +1 leather armour of Dim Light {rElec rCorr
                  | MP+9 Str-4}
 45523 | Zig:11   | Identified the +1 buckler of Dithmenos's Favour {Harm}
 46216 | D:10     | Killed zkyp's ghost
 46450 | Depths:2 | Learned a level 2 spell: Sublimation of Blood
 46471 | Pan      | Entered Pandemonium
 46496 | Pan      | Learned a level 1 spell: Apportation
 46536 | Pan      | Reached skill level 1 in Translocations
 46546 | Pan      | Found an exit through the horrors of the Abyss.
 46656 | Pan      | Noticed Fahupigo the pandemonium lord
 46661 | Pan      | Killed Fahupigo the pandemonium lord
 46689 | Pan      | Gained mutation: Potions are less effective at restoring
                  | your health. [a cacodemon]
 46704 | Pan      | Lost mutation: Potions are less effective at restoring your
                  | health. [potion of mutation]
 46704 | Pan      | Lost mutation: You are weak. (Str -2) [potion of mutation]
 46704 | Pan      | Gained mutation: You sometimes lose your temper in combat.
                  | [potion of mutation]
 46704 | Pan      | Gained mutation: Your flesh is heat resistant. (rF+)
                  | [potion of mutation]
 46705 | Pan      | Lost mutation: Your flesh is heat resistant. (rF+) [potion
                  | of mutation]
 46705 | Pan      | Lost mutation: You sometimes lose your temper in combat.
                  | [potion of mutation]
 46705 | Pan      | Gained mutation: You sometimes lose your temper in combat.
                  | [potion of mutation]
 46705 | Pan      | Gained mutation: Your spells are a little easier to cast,
                  | but a little less powerful. [potion of mutation]
 46705 | Pan      | Gained mutation: A frigid envelope surrounds you and
                  | freezes all who hurt you. [potion of mutation]
 46705 | Pan      | Gained mutation: You are agile. (Dex +4, Str/Int -1)
                  | [potion of mutation]
 46706 | Pan      | Lost mutation: You are agile. (Dex +4, Str/Int -1) [potion
                  | of mutation]
 46706 | Pan      | Lost mutation: You sometimes lose your temper in combat.
                  | [potion of mutation]
 46706 | Pan      | Lost mutation: A frigid envelope surrounds you and freezes
                  | all who hurt you. [potion of mutation]
 46706 | Pan      | Gained mutation: You sometimes lose your temper in combat.
                  | [potion of mutation]
 46706 | Pan      | Gained mutation: You expend magic power (3 MP) to
                  | strengthen your wands. [potion of mutation]
 46706 | Pan      | Gained mutation: Your system is resistant to poisons.
                  | (rPois) [potion of mutation]
 46707 | Pan      | Lost mutation: You expend magic power (3 MP) to strengthen
                  | your wands. [potion of mutation]
 46707 | Pan      | Lost mutation: Your system is resistant to poisons. (rPois)
                  | [potion of mutation]
 46707 | Pan      | Gained mutation: Your mind is acute. (Int +4, Str/Dex -1)
                  | [potion of mutation]
 46707 | Pan      | Gained mutation: Your body sometimes deteriorates upon
                  | taking damage. [potion of mutation]
 46707 | Pan      | Gained mutation: You are partially covered in iridescent
                  | scales. (AC +2) [potion of mutation]
 46707 | Pan      | Lost mutation: Your spells are a little easier to cast, but
                  | a little less powerful. [potion of mutation]
 46708 | Pan      | Lost mutation: Your body sometimes deteriorates upon taking
                  | damage. [potion of mutation]
 46708 | Pan      | Lost mutation: You sometimes lose your temper in combat.
                  | [potion of mutation]
 46708 | Pan      | Lost mutation: You are partially covered in iridescent
                  | scales. (AC +2) [potion of mutation]
 46708 | Pan      | Gained mutation: Your spells are a little easier to cast,
                  | but a little less powerful. [potion of mutation]
 46708 | Pan      | Gained mutation: Armour fits poorly on your strangely
                  | shaped body. [potion of mutation]
 46708 | Pan      | Gained mutation: You are frail. (-10% HP) [potion of
                  | mutation]
 46709 | Pan      | Lost mutation: Armour fits poorly on your strangely shaped
                  | body. [potion of mutation]
 46709 | Pan      | Lost mutation: Your mind is acute. (Int +4, Str/Dex -1)
                  | [potion of mutation]
 46709 | Pan      | Gained mutation: You possess an exceptional clarity of
                  | mind. [potion of mutation]
 46709 | Pan      | Gained mutation: You are resistant to electric shocks.
                  | (rElec) [potion of mutation]
 46709 | Pan      | Gained mutation: You occasionally lose the ability to read
                  | scrolls when taking damage. [potion of mutation]
 46709 | Pan      | Gained mutation: You expend magic power (3 MP) to
                  | strengthen your wands. [potion of mutation]
 46710 | Pan      | Lost mutation: You possess an exceptional clarity of mind.
                  | [potion of mutation]
 46710 | Pan      | Lost mutation: You occasionally lose the ability to read
                  | scrolls when taking damage. [potion of mutation]
 46710 | Pan      | Lost mutation: You expend magic power (3 MP) to strengthen
                  | your wands. [potion of mutation]
 46710 | Pan      | Gained mutation: You occasionally shout uncontrollably at
                  | your foes. [potion of mutation]
 46710 | Pan      | Gained mutation: You possess an exceptional clarity of
                  | mind. [potion of mutation]
 46710 | Pan      | Gained mutation: Your movements are slightly less
                  | encumbered by armour. (ER -2) [potion of mutation]
 46711 | Pan      | Lost mutation: You occasionally shout uncontrollably at
                  | your foes. [potion of mutation]
 46711 | Pan      | Lost mutation: You possess an exceptional clarity of mind.
                  | [potion of mutation]
 46711 | Pan      | Lost mutation: Your spells are a little easier to cast, but
                  | a little less powerful. [potion of mutation]
 46711 | Pan      | Gained mutation: Your magical capacity is low. (-10% MP)
                  | [potion of mutation]
 46711 | Pan      | Gained mutation: You are very frail. (-20% HP) [potion of
                  | mutation]
 46711 | Pan      | Gained mutation: Your spells are a little harder to cast,
                  | but a little more powerful. [potion of mutation]
 46712 | Pan      | Lost mutation: You are resistant to electric shocks.
                  | (rElec) [potion of mutation]
 46712 | Pan      | Lost mutation: Your magical capacity is low. (-10% MP)
                  | [potion of mutation]
 46712 | Pan      | Gained mutation: You are clumsy. (Dex -2) [potion of
                  | mutation]
 46712 | Pan      | Gained mutation: You passively map a small area around you.
                  | [potion of mutation]
 46763 | Pan      | Found a runed translucent door.
 46992 | Pan      | Noticed Naci Mot the pandemonium lord
 47004 | Pan      | Killed Naci Mot the pandemonium lord
 47005 | Pan      | Reached skill level 5 in Translocations
 47118 | Pan      | Entered the realm of Lom Lobon.
 47164 | Pan      | Learned a level 9 spell: Shatter
 47207 | Pan      | Reached XP level 25. HP: 128/128 MP: 49/49
 47208 | Pan      | Reached skill level 5 in Earth Magic
 47234 | Pan      | Noticed Lom Lobon
 47264 | Pan      | Got a magical rune of Zot
 47274 | Pan      | Killed Lom Lobon
 47662 | Pan      | Found an exit through the horrors of the Abyss.
 47682 | Pan      | Noticed Limafatt the pandemonium lord
 47689 | Pan      | Killed Limafatt the pandemonium lord
 47794 | Pan      | Noticed Vietawnu the pandemonium lord
 47813 | Pan      | Mangled by Vietawnu the pandemonium lord

Illustrated notes

Levels and vault maps discovered:
D:1:      sevenhm_arrival_forest_fort_large_4, layout_basic, serial_shops,
          nicolae_shop_window_shopping, nicolae_shop_stone,
          nicolae_shop_peninsula, hellmonk_ecumenical_altar_blasted
D:2:      layout_loops_cross
D:3:      layout_rooms, zin_purify, kennysheep_cross_room, uniq_sigmund
D:4:      minmay_general_purpose_star, layout_basic,
          minmay_temple_entry_sparse_star, hangedman_decor_opposing
D:5:      layout_loops_cross, mainiacjoe_overflow_surrounded_room,
          nicolae_overflow_crystal_walls, uniq_pikel
D:6:      layout_cave_pools, gammafunk_temple_overflow_wave, serial_demonic,
          serial_demonic_f, serial_demonic_g, serial_demonic_c,
          serial_demonic_e, serial_demonic_g, serial_demonic_c,
          kennysheep_crisscross, roderic_batcave, minmay_manual_mail,
          uniq_eustachio
D:7:      layout_gridville, makhleb_blood_cavern_becter, enter_bailey_2,
          chequers_avenue
D:8:      layout_gridville, lair_entry_dummy, hangedman_abyss_or_decor_passed,
          chequers_mini_garden, uniq_maggie
D:9:      layout_basic, david_orc_5, serial_rivers,
          chequers_serial_rivers_room_a, chequers_serial_rivers_marsh,
          chequers_serial_rivers_micro_e, chequers_serial_rivers_micro_d,
          chequers_serial_rivers_large_b, chequers_serial_rivers_micro_b,
          serial_shops, nicolae_shop_stone, minmay_diamond_spiral
D:10:     layout_basic, nicolae_dithmenos_through_a_glass_darkly,
          grunt_temple_overflow_open, gammafunk_ghost_smash
D:11:     layout_grid_maze, serial_shops, nicolae_shop_window_shopping,
          uniq_fannar
D:12:     layout_loops_corners
D:13:     layout_loops_ring, muffindrake_ghost_dual_entry,
          minmay_misc_feat_rows, nooodl_orcs_dogs, uniq_josephine
D:14:     layout_loops_ring, ximxim_vaults_locker_room, serial_shops, shop,
          skrybe_limestone_x, nicolae_water_bricks, uniq_snorg, uniq_louise
D:15:     grunt_enter_depths_magical_seal, layout_basic, serial_shops,
          nicolae_shop_tiny_glass, nicolae_shop_trees,
          chequers_serial_rivers_micro_c, chequers_serial_rivers_room_b
Temple:   nicolae_temple_bog_church
Lair:1:   layout_gridlike, serial_bayou_shore_b
Lair:2:   layout_loops_ring, nicolae_spider_entry_tight_spaces
Lair:3:   layout_roguey, elwin_shoals_entry_stream, lemuel_fruit_fields,
          lemuel_fruit_tree, serial_bayou_shore_a
Lair:4:   layout_cave_pods
Lair:5:   cheibrodos_lair_end_hotspot, layout_cave_pods,
          nicolae_slime_entry_slimehenge, grunt_forest_large_clearing_hut,
          uniq_sonja, uniq_rupert
Shoals:1: layout_shoals, serial_shops, bzr_entry_dummy
Shoals:2: layout_shoals, nicolae_shoals_beach_cooler, uniq_polyphemus
Shoals:3: layout_shoals
Shoals:4: shoals_end_grunt_ice, layout_shoals
Spider:1: layout_chambers, nicolae_spider_spiderdrome, uniq_nikola
Spider:2: layout_spider_delve, hangedman_stitches_earthworm
Spider:3: layout_spider_delve
Spider:4: hellmonk_spider_rune_endless_swarm, nicolae_spider_circle_web,
          beargit_elvish_explorers, uniq_arachne
Slime:1:  layout_caves
Slime:2:  layout_caves
Slime:3:  layout_caves, dissolution_awaits
Slime:4:  layout_caves
Slime:5:  slime_pit
Orc:1:    layout_caves, biasface_ghost_orc_armoury
Orc:2:    grunt_orc_cross, layout_caves, basic_altar,
          portal_ice_cave_entry_imps, gammafunk_ghost_wrathful_warriors,
          nicolae_orc_stalacmites
Elf:1:    minmay_elf_arrival_summoners, layout_loops_ring,
          portal_desolation_entry_salt, serial_co_window_serial,
          co_window_corner_a, co_window_of_opportunity_a, co_window_corner_a,
          co_window_corner_a, co_window_paths_a, co_window_2corner,
          co_window_broadway_a, co_window_unsneaky_path_c, co_window_corner_ca,
          co_window_2corner, co_window_paths_e, co_window_4corner_b,
          glass_columns_a, glass_columns_a, serial_shops, shop,
          nicolae_shop_i_like_small_books_too
Elf:2:    elven_hall_of_blades_hangedman_original
          [nicolae_vaults_blade_armed_guards], layout_onion_city, uniq_roxanne
Elf:3:    elf_hall_gauntlet_narrow, layout_geoelf_castle, serial_shops,
          nicolae_shop_back_alley_shop
Vaults:1: nicolae_vaults_apartment_2, nicolae_vaults_closet_pinwheel_6,
          v_misc_11, nicolae_vaults_mitosis,
          nicolae_vaults_door_testing_chamber, vaults_room_door_ring,
          hangedman_vaults_stitches, vaults_room_fours,
          nicolae_vaults_gold_heap, st_smaller_cells, vaults_room_hallway,
          layout_vaults_omnibox, uniq_norris
Vaults:2: grunt_vaults_diagonal, nicolae_vaults_two_Ls, v_alt_pattern_1,
          nicolae_vaults_windows_and_doors_thing,
          nicolae_vaults_network_quinsquares
          [nicolae_vaults_network_quincunx_subvault,
          nicolae_vaults_network_quincunx_subvault,
          nicolae_vaults_network_quincunx_subvault,
          nicolae_vaults_network_quincunx_subvault],
          nicolae_vaults_closet_pinwheel_4, ontoclasm_vaults_ring_small,
          dpeg_vaults_waves, nicolae_vaults_sealed_display,
          nicolae_vaults_more_shelving_2, nicolae_vaults_little_squares_2,
          grunt_vaults_focal, vaults_room_stairs_pillars,
          layout_vaults_big_cross, uniq_zenata, uniq_xtahua
Vaults:3: ploomutoo_gammafunk_ghost_potion_laboratory,
          nicolae_vaults_trapezoid_2, nicolae_vaults_yaktaur_gun_rack,
          vaults_mumra_hex, nicolae_vaults_sesquioval_fish,
          vaults_room_door_ring, nicolae_vaults_little_squares_4,
          nicolae_vaults_bisected_exclaves, hangedman_vaults_river_flow,
          nicolae_vaults_storage_closets_1, minmay_crypt_entry_simple_box,
          vaults_room_stairs_pillars, layout_vaults_quadrants
Vaults:4: ontoclasm_vaults_pinch, vaults_room_grid, hangedman_vaults_nodes,
          special_room_vaults [special_room_orc], vaults_dpeg_encased_lava,
          ontoclasm_vaults_hangar, grunt_vaults_trifunnel,
          vaults_room_stairs_pillars, nicolae_vaults_trapezoid_2,
          nicolae_vaults_hexular_roomagon, v_misc_2, hangedman_vaults_snaps,
          nicolae_vaults_border_crossing, nicolae_vaults_layer_cake_slice,
          nicolae_vaults_storage_room_statues, layout_vaults_ring,
          serial_magic_research, hangedman_research_pyrotechnics,
          hangedman_research_quantum, serial_shops,
          nicolae_shop_tiny_real_fake_doors, uniq_frederick
Vaults:5: uniq_saint_roka, uniq_bai_suzhen
Depths:1: layout_gridville, grunt_mini_vestibule, nicolae_trove_entry_crystal,
          basic_altar, minmay_variable_closet, nicolae_ru_awakened_eye,
          minmay_shop_grove
Depths:2: nicolae_terramorphic_expanse [nicolae_terramorphic_quarter,
          nicolae_terramorphic_quarter, nicolae_terramorphic_quarter,
          nicolae_terramorphic_quarter, nicolae_terramorphic_quarter,
          nicolae_terramorphic_biome, nicolae_terramorphic_biome,
          nicolae_terramorphic_biome, nicolae_terramorphic_biome],
          layout_cave_shapes, hell_entry, pan_entry, nzn_hepliaklqana_mist_gate,
          infiniplex_staircase_pillars_2, uniq_asterion, uniq_enchantress
Depths:3: minmay_spriggan_fort, layout_cave_shapes, enter_ziggurat_b,
          abyss_entry, nicolae_two_hexagons, rand_demon_pan_entry_5,
          pf_vacation_house_of_asmodeus, muffindrake_ghost_three_little_ghosts,
          led_sif_pool
Depths:4: grunt_crosshair, layout_cave_shapes, hell_entry, serial_shops,
          nicolae_shop_statue_plus, grunt_decor_clamped
Pan:      evilmike_mini_pan_thingy, layout_irregular_city, pan_blood_fountain,
          grunt_pan_frozen_over, layout_gridville, special_room
          [special_room_demon_pit], nicolae_pan_sigil_obb,
          evilmike_mini_pan_other_thingy, layout_basic,
          nicolae_pan_sick_transit, nicolae_pan_cerebovesque_3, rand_demon_9,
          layout_cellular_growth, lom_lobon, layout_small_grid,
          nicolae_pan_diamonds, layout_gridlike, reaverb_pan_figure_eight,
          evilmike_mini_pan_corridor, layout_gridlike, pan_blood_fountain_small,
          nicolae_pan_double_arrow, layout_long_grid

Skill      XL: |  1  2  3  4  5  6  7  8  9 10 11 12 13 14 15 16 17 18 19 20 21 22 23 24 25 |
---------------+----------------------------------------------------------------------------+-----
Conjurations   | 2 5 10 12 15 18 20 22 | 22.9
Spellcasting   | 3 4 5 6 7 9 10 12 13 15 18 | 18.3
Air Magic      | 5 6 7 9 10 12 13 17 | 17.9
Fighting       | 4 6 7 8 10 11 12 14 | 14.2
Dodging        | 6 7 9 10 11 12 | 12.0
Evocations     | 5 |  5.3
Necromancy     | 2 7 |  7.8
Earth Magic    | 3 4 9 |  9.0
Fire Magic     | 5 13 16 18 19 | 19.5
Shapeshifting  | 5 11 15 16 | 16.0
Shields        | 3 5 |  5.0
Summonings     | 1 6 |  6.8
Polearms       | 8 |  8.1
Translocations | 5 |  5.0
Stealth        | |  2.0

Action                     |  1- 3 |  4- 6 |  7- 9 | 10-12 | 13-15 | 16-18 | 19-21 | 22-24 | 25-27 || total
---------------------------+-------+-------+-------+-------+-------+-------+-------+-------+-------++-------
  Melee: Unarmed           |     5 |       |       |       |       |       |       |       |       ||     5
         Kick              |     2 |       |     8 |    36 |    48 |    40 |    49 |   192 |    40 ||   415
         Morningstar       |       |       |    34 |    80 |    52 |       |       |       |       ||   166
         Peck              |       |       |    10 |    17 |    38 |    22 |    40 |   112 |    31 ||   270
         Punch             |       |       |       |     1 |     2 |     1 |       |       |       ||     4
         Lance             |       |       |       |       |    75 |   114 |   104 |   390 |   103 ||   786
         Eveningstar       |       |       |       |       |       |     1 |     6 |       |       ||     7
         Rapier            |       |       |       |       |       |       |       |     4 |       ||     4
   Cast: Shock             |    80 |    51 |   201 |   130 |       |       |       |       |       ||   462
         Airstrike         |       |     2 |    26 |    92 |    34 |   121 |     2 |       |       ||   277
         Swiftness         |       |       |     2 |       |       |       |       |       |       ||     2
         Static Discharge  |       |       |       |    34 |       |       |       |       |       ||    34
         Arcjolt           |       |       |       |    65 |   316 |   250 |    52 |     2 |       ||   685
         Borgnjor's Vile C |       |       |       |    18 |    13 |    20 |    14 |    28 |     4 ||    97
         Maxwell's Capacit |       |       |       |       |    19 |    69 |     5 |    13 |     4 ||   110
         Fire Storm        |       |       |       |       |       |    56 |   130 |    52 |     3 ||   241
         Spellforged Servi |       |       |       |       |       |       |    71 |    78 |    15 ||   164
         Bombard           |       |       |       |       |       |       |     3 |       |       ||     3
         Lehudib's Crystal |       |       |       |       |       |       |    88 |    44 |       ||   132
         Chain Lightning   |       |       |       |       |       |       |       |    24 |    11 ||    35
         Apportation       |       |       |       |       |       |       |       |     2 |     1 ||     3
 Invoke: Curse Item        |       |       |     2 |     3 |     2 |     2 |       |     1 |       ||    10
         Shatter the Chain |       |       |       |       |     1 |     1 |       |     1 |       ||     3
  Evoke: Wand              |       |       |       |     6 |     1 |    24 |     9 |     4 |     1 ||    45
         Phantom mirror    |       |       |       |       |       |       |     1 |     1 |     1 ||     3
    Use: Scroll            |       |       |     7 |     2 |     7 |     5 |     7 |    14 |     4 ||    46
         Potion            |       |       |     1 |     1 |       |     1 |    11 |    20 |     4 ||    38
   Stab: Distracted        |       |       |       |       |       |       |     3 |    11 |     2 ||    16
 Armour: Robe              |     3 |       |       |       |       |       |       |       |       ||     3
         Leather armour    |     4 |     5 |    63 |   180 |   240 |   347 |   219 |    32 |       ||  1090
         Skin              |       |       |       |       |       |       |       |   475 |   188 ||   663
  Dodge: Dodged            |    10 |    10 |   121 |   329 |   537 |   873 |   412 |   742 |   233 ||  3267
  Block: Buckler           |       |       |       |       |       |       |    10 |   186 |    44 ||   240
   Form: Statue            |       |       |       |       |       |       |       |     4 |       ||     4
                           |       |       |       |       |       |       |       |     3 |       ||     3
